 Dungeon Crawl Stone Soup version 0.31-a0-174-g85c54bcb58 (webtiles) character file.

Game seed: 2807108245495405608

402 qw the Chopper (level 6, -1/38 HPs)
             Began as a Gargoyle Fighter on June 15, 2023.
             Slain by a jelly (2 damage)
             ... on level 6 of the Dungeon.
             The game lasted 00:00:48 (1811 turns).

qw the Chopper (Gargoyle Fighter)                   Turns: 1811, Time: 00:00:48

Health: -1/38      AC:  3    Str: 22    XL:     6   Next: 85%
Magic:  6/6        EV: 10    Int:  8    God:
Gold:   175        SH:  9    Dex:  9    Spells: 5/5 levels left

rFire   + + .        Y - +0 war axe
rCold   + . .        c - +0 buckler
rNeg    + . .        b - +0 scale mail
rPois   inf          (no helmet)
rElec   +            m - scarf {rC+ rF+}
rCorr   .            (no gloves)
SInv    .            (no boots)
Will    .....        k - amulet of reflection Stlth
                     i - ring of protection from fire
HPRegen 0.26/turn    (no ring)
MPRegen 0.10/turn

%: reflection
@: about to teleport, corroded
A: sickness immunity, AC +4, negative energy resistance 1, electricity
resistance, torment resistance 1, petrification resistance
a: no special abilities


You were on level 6 of the Dungeon.
You visited 1 branch of the dungeon, and saw 4 of its levels.

You collected 175 gold pieces.


Innate Abilities, Weirdness & Mutations

You are immune to sickness and miasma.
Your stone body is resilient. (AC +4)
You are immune to poison.
You resist negative energy. (rN+)
You are resistant to electric shocks. (rElec)
You are resistant to unholy torment.
You are immune to petrification.


   Skills:
 - Level 4.0 Fighting
 + Level 5.5 Axes
 - Level 1.0 Throwing
 - Level 3.2 Armour
 - Level 1.6 Dodging
 - Level 3.2 Shields


You had 5 spell levels left.
You didn't know any spells.
Your spell library was empty.

Inventory:

Hand Weapons
 q - a +0 flail
 Y - a +0 war axe (weapon)
Armour
 b - a +0 scale mail (worn)
 c - a +0 buckler (worn)
 m - a scarf of resistance (worn)
Jewellery
 a - an amulet of the acrobat
 i - a ring of protection from fire (left hand)
 k - an amulet of reflection (around neck)
Scrolls
 f - a scroll of teleportation
Potions
 d - a potion of might
 e - a potion of ambrosia {unknown}
 g - a potion of cancellation
 j - a potion of berserk rage {unknown}
 l - 3 potions of mutation {unknown}
 n - a potion of brilliance {unknown}
 o - a potion of curing {unknown}
 p - a potion of magic {unknown}

Dungeon Overview and Level Annotations

Branches:
Dungeon (3/15)             Temple (0/1) D:6

Altars:
Makhleb
Yredelemnul


Message History

A sky beast comes into view.
You block the jelly's attack.
You hit the jelly. The acid corrodes you!
Your hands burn!
The jelly is lightly wounded.
The jelly hits you but does no damage. The orc closely misses you.
The jelly hits you but does no damage.
The orc hits you from afar with a +0 trident.
You hit the jelly but do no damage.
Your hands burn!
The jelly is lightly wounded.
You block the orc's attack. The jelly hits you but does no damage.
You hit the jelly.
Your hands burn!
The jelly is moderately wounded.
The orc hits you from afar with a +0 trident.
The jelly hits you but does no damage.
You hit the jelly but do no damage.
Your hands burn!
The jelly is moderately wounded.
You hit the jelly but do no damage.
Your hands burn!
The orc closely misses you. The jelly hits you but does no damage.
The jelly barely misses you.
You hit the jelly. The acid corrodes you!
Your hands burn!
The jelly is heavily wounded.
You completely miss the jelly. The jelly barely misses you.
The orc barely misses you. The jelly barely misses you.
You block the sky beast's attack. The jelly hits you.
You are splashed with acid.
The jelly misses you. The orc barely misses you.
1810 ||| READING 2 scrolls of teleportation.
As you read the scroll of teleportation, it crumbles to dust.
You feel strangely unstable. The sky beast completely misses you.
The orc closely misses you. You block the jelly's attack.
The jelly hits you but does no damage.
You hit the jelly.
Your hands burn!
The jelly is almost dead.
You closely miss the sky beast. You slash the jelly! The acid corrodes you!
Your hands burn!
The sky beast flickers out of sight!
Deactivating autopickup; reactivate with Ctrl-A.
You block something's attack. The orc barely misses you.
You block the jelly's attack. The jelly hits you.
You die...

.......~~~~~...............##..(.
#..........................###..#
...#....###................# #..#
...##...#####..........##....#...
...####..#<...............#......
#...#...............##...###.##.
#...........#.......... #..##.
##............{JJ...... .#.<...
#...........%.@....... .......
#..###..........##...' +.#....
#..'_+........o......# #.....#
#..###.>............## ##.#..#
#...................# #.....
##....(.............# #...#.
####.........#####.# ##..##.
...>##.).# ..# #....#. ..........
## #..#).


You could see 2 jellies and an orc.

Vanquished Creatures
  A phantom (D:6)
  2 bullfrogs (D:6)
  A howler monkey (D:6)
  An orc priest (D:6)
  A hound (D:3)
  An iguana (D:3)
  An orc wizard (D:6)
  2 adders
  A white imp (D:6)
  2 orcs (D:6)
  3 bats
  3 endoplasms
  A giant cockroach (D:3)
  4 goblins
  3 hobgoblins
  2 jackals (D:1)
  6 kobolds
  3 quokkas
  3 ball pythons
  2 frilled lizards
  A rat (D:6)
44 creatures vanquished.

Notes
Turn   | Place    | Note
-------+----------+-------------------------------------------
     0 | D:1      | qw the Gargoyle Fighter began the quest for the Orb.
     0 | D:1      | Reached XP level 1. HP: 14/14 MP: 1/1
     0 | D:1      | 0 ||| qw: Version: 0.2-a-29-g511e9b1
     0 | D:1      | 0 ||| qw: Game counter: 5509
     0 | D:1      | 0 ||| qw: Always use a shield: true
     0 | D:1      | 0 ||| qw: God list: Okawaru
     0 | D:1      | 0 ||| qw: Allow faded altars: false
     0 | D:1      | 0 ||| qw: Do Orc after D:15 true
     0 | D:1      | 0 ||| qw: Do second Lair branch before Depths: true
     0 | D:1      | 0 ||| qw: Lair rune preference: random
     0 | D:1      | 0 ||| qw: Plans: Normal, Zot:1-4, Slime:5, God:TSO, Crypt,
                  | Tomb, Abyss, Pan, Hells, Win
     0 | D:1      | 0 ||| PLANNING D:1-11
   143 | D:1      | Reached skill level 2 in Axes
   169 | D:1      | Reached XP level 2. HP: 19/19 MP: 2/2
   372 | D:1      | 372 ||| Stepping ~*~*~tactically~*~*~ (stealth).
   421 | D:1      | 421 ||| DROPPING +0 club.
   693 | D:1      | 693 ||| UPGRADING to amulet of reflection.
   698 | D:1      | 698 ||| READING scroll labelled OGGUTY QUPSAZ.
   699 | D:1      | 699 ||| READING scroll labelled JECZUA SETY.
   700 | D:1      | 700 ||| READING scroll labelled PEEQEAWEFF.
   745 | D:2      | 745 ||| DROPPING +0 whip.
   830 | D:2      | Reached skill level 3 in Axes
   896 | D:2      | Reached XP level 3. HP: 23/23 MP: 3/3
   903 | D:2      | 903 ||| Stepping ~*~*~tactically~*~*~ (hiding).
   913 | D:2      | Reached skill level 1 in Throwing
  1309 | D:2      | 1309 ||| UPGRADING to scarf of resistance.
  1314 | D:2      | 1314 ||| READING scroll labelled WOAJEEBBUTT.
  1315 | D:2      | 1315 ||| READING scroll labelled NIMEEMN CONEAGH.
  1316 | D:2      | 1316 ||| READING scroll labelled PIFRAPN INOPS.
  1316 | D:2      | Identified a scroll of acquirement
  1316 | D:2      | 1316 ||| ACQUIRING ring of protection from fire
  1316 | D:2      | Acquired a ring of protection from fire
  1318 | D:2      | 1318 ||| UPGRADING to ring of protection from fire.
  1319 | D:2      | 1319 ||| DRINKING 2 amethyst potions.
  1334 | D:3      | 1334 ||| Stepping ~*~*~tactically~*~*~ (hiding).
  1335 | D:3      | 1335 ||| Stepping ~*~*~tactically~*~*~ (hiding).
  1338 | D:3      | 1338 ||| Stepping ~*~*~tactically~*~*~ (hiding).
  1346 | D:3      | Reached XP level 4. HP: 28/28 MP: 4/4
  1386 | D:3      | Reached skill level 4 in Axes
  1423 | D:3      | Found a burning altar of Makhleb.
  1535 | D:3      | You fall into a shaft and drop 3 floors!
  1543 | D:6      | 1543 ||| PLANNING SEWER
  1548 | D:6      | Noticed a bullfrog
  1556 | D:6      | Killed a bullfrog
  1557 | D:6      | Reached XP level 5. HP: 27/32 MP: 5/5
  1656 | D:6      | Reached skill level 5 in Axes
  1656 | D:6      | Reached XP level 6. HP: 37/37 MP: 6/6
  1713 | D:6      | Found a staircase to the Ecumenical Temple.
  1714 | D:6      | 1714 ||| DROPPING +0 mace.
  1721 | D:6      | 1721 ||| Stepping ~*~*~tactically~*~*~ (hiding).
  1722 | D:6      | 1722 ||| Stepping ~*~*~tactically~*~*~ (hiding).
  1723 | D:6      | 1723 ||| Stepping ~*~*~tactically~*~*~ (hiding).
  1724 | D:6      | 1724 ||| Stepping ~*~*~tactically~*~*~ (hiding).
  1725 | D:6      | 1725 ||| Stepping ~*~*~tactically~*~*~ (hiding).
  1762 | D:6      | 1762 ||| Stepping ~*~*~tactically~*~*~ (stealth).
  1764 | D:6      | 1764 ||| Stepping ~*~*~tactically~*~*~ (stealth).
  1776 | D:6      | Found a basalt altar of Yredelemnul.
  1789 | D:6      | Reached skill level 1 in Dodging
  1804 | D:6      | Noticed a sky beast
  1809 | D:6      | HP: 8/38 [acid (6)]
  1810 | D:6      | 1810 ||| READING 2 scrolls of teleportation.
  1811 | D:6      | HP: 1/38 [acid (5)]
  1811 | D:6      | Slain by a jelly

Levels and vault maps discovered:
D:1:      minmay_arrival_widening_spiral_wide, layout_loops_ring
D:2:      layout_basic
D:3:      layout_rooms, lemuel_tele_altar, minmay_misc_feat_columns
D:6:      lemuel_slime, layout_cave_pools, kennysheep_mini_moat,
          mainiacjoe_overflow_concentric_impassable, nemelex_dance_club_becter,
          temple_pool_b, gup_sewer_entry_bowl

Skill      XL: |  1  2  3  4  5  6 |
---------------+-------------------+-----
Axes           | 2 3 4 5 |  5.5
Throwing       | 1 |  1.0
Fighting       | 4 |  4.0
Dodging        | 1 |  1.6
Armour         | |  3.2
Shields        | |  3.2

Action                     |  1- 3 |  4- 6 || total
---------------------------+-------+-------++-------
  Melee: War axe           |    46 |    63 ||   109
  Throw: Javelin           |    20 |    14 ||    34
    Use: Scroll            |     6 |     1 ||     7
         Potion            |     1 |       ||     1
 Armour: Scale mail        |    26 |    50 ||    76
  Dodge: Dodged            |    20 |    37 ||    57
  Block: Buckler           |    16 |    32 ||    48
         Reflection        |     2 |       ||     2

Table legend:
 A = Non-vault XP
 B = Vault XP
 C = Vault XP percentage of total XP
 D = Non-vault monster count
 E = Vault monster count
 F = Vault count percentage of total count
                 A         B        C        D         E       F
            +---------+---------+-------+---------+---------+-------
      Total |     572 |       3 |   0.5 |      42 |       2 |   4.5
            +---------+---------+-------+---------+---------+-------
        D:1 |      24 |       0 |   0.0 |      13 |       0 |   0.0
        D:2 |      29 |       0 |   0.0 |      10 |       0 |   0.0
        D:3 |     100 |       0 |   0.0 |      10 |       0 |   0.0
        D:6 |     419 |       3 |   0.7 |       9 |       2 |  18.2
            +---------+---------+-------+---------+---------+-------
